 Dungeon Crawl Stone Soup version 0.19.5 (webtiles) character file.

114 raph the Firebug (level 4, -2/33 HPs)
             Began as a Hill Orc Fire Elementalist on Apr 26, 2017.
             Was a Follower of Kikubaaqudgha.
             Slain by Doomgape's ghost (11 damage)
             ... in a sewer.
             The game lasted 00:06:45 (3671 turns).

raph the Firebug (Hill Orc Fire Elementalist)       Turns: 3671, Time: 00:06:46

Health: -2/33      AC:  4    Str: 10    XL:     4   Next: 97%
Magic:  4/7        EV: 12    Int: 16    God:    Kikubaaqudgha [*.....]
Gold:   155        SH:  0    Dex: 11    Spells: 4 memorised, 0 levels left

rFire  x . .     SeeInvis .     o - +3 hand axe (chop)
rCold  + . .     Gourm    .     a - +0 robe
rNeg   . . .     Faith    +     (no shield)
rPois  .         Spirit   .     (no helmet)
rElec  .         Reflect  .     (no cloak)
rCorr  .         Harm     .     (no gloves)
MR     .....                    g - +1 pair of boots
Stlth  +.........               q - amulet of faith
                                (no ring)
                                s - ring of ice (curse)

@: no status effects
A: no striking features
a: Receive Corpses, Renounce Religion


You were in a sewer.
You worshipped Kikubaaqudgha.
Kikubaaqudgha was aware of your devotion.
You were hungry.

You visited 1 branch of the dungeon, and saw 4 of its levels.
You also visited: Sewer.

You collected 155 gold pieces.

Inventory:

Hand Weapons
 e - a +4 short sword of speed
 l - a +0 hand axe
 o - a +3 hand axe of chopping (weapon)
Armour
 a - a +0 robe (worn)
 g - a +1 pair of boots (worn)
Jewellery
 q - an amulet of faith (around neck)
 s - a cursed ring of ice (left hand)
Wands
 f - a wand of flame (14/48)
 j - a wand of digging (8/24)
Scrolls
 n - 2 scrolls of enchant armour
 t - 2 scrolls of magic mapping {unknown}
Potions
 i - a potion of curing
 k - a potion of flight {unknown}
 m - a potion of haste {unknown}
 p - 3 potions of mutation {unknown}
Books
 b - a book of Flames

   Spells                             Type                      Level
   a - Flame Tongue                   Conjuration/Fire             1
   b - Throw Flame                    Conjuration/Fire             2
   c - Conjure Flame                  Conjuration/Fire             3
   d - Inner Flame                    Hexes/Fire                   3
   e - Sticky Flame                   Conjuration/Fire             4
   f - Fireball                       Conjuration/Fire             5
 v - Kikubaaqudgha's Papyrus of Evil Rites
   (Kikubaaqudgha gifted it to you in a sewer)

   Spells                             Type                      Level
   a - Pain                           Necromancy                   1
   b - Corpse Rot                     Necromancy                   2
   c - Sublimation of Blood           Necromancy                   2
   d - Regeneration                   Charms/Necromancy            3
   e - Control Undead                 Necromancy                   4
Comestibles
 c - 3 bread rations
 d - 3 fruits
 h - 4 meat rations
 r - 3 beef jerkies


   Skills:
 + Level 0.0 Fighting
 + Level 1.7 Dodging
 + Level 2.2 Stealth
 + Level 2.1 Spellcasting
 * Level 2.2 Conjurations
 + Level 0.0 Necromancy
 * Level 4.4 Fire Magic


You couldn't memorise any spells.
You knew the following spells:

 Your Spells              Type           Power        Failure   Level  Hunger
a - Flame Tongue          Conj/Fire      ##...        8%          1    #......
b - Throw Flame           Conj/Fire      ##....       10%         2    ###....
c - Conjure Flame         Conj/Fire      ##......     17%         3    ###....
d - Pain                  Necr           #...         21%         1    #......


Dungeon Overview and Level Annotations

Branches:
Dungeon (4/15)
 Temple: D:4-7

Altars:
Ashenzari
Fedhas
Kikubaaqudgha
Makhleb
Okawaru
Qazlal
Ru
Yredelemnul

Annotations:
Sewer Doomgape's ghost, novice HuFi


Message History

Aim: a jackal The puff of flame misses the jackal.
Doomgape's ghost turns its malevolent gaze towards you.
The jackal is engulfed in a cloud of scalding steam.
You kill the jackal!
Kikubaaqudgha accepts your kill.
A big kobold comes into view. It is wielding a dagger.
Press: ? - help, v - describe, . - travel
Here: Doomgape's ghost (water) Some deep water.
Okay, then.
You enter the shallow water.
Moving in this stuff is going to be slow.
All of the chunks of flesh in your inventory have rotted away.
Doomgape's ghost hits you! Doomgape's ghost hits you!
* * * LOW HITPOINT WARNING * * *
Doomgape's ghost hits you!
You die...
Kikubaaqudgha rasps: "You have failed me!
Welcome... death!"

#≈# #≈# #≈# #≈# #≈# #≈#
#≈# #≈# #@# #W# #≈# #≈#
#≈# ##≈#########
#######.≈K..≈≈≈..#
#######...≈..≈≈..≈≈≈K≈.#
#≈≈≈≈≈≈≈≈≈≈≈≈≈≈≈≈≈≈≈≈≈≈#


You could see a big kobold and Doomgape's ghost.

Vanquished Creatures
  2 adders (D:2)
  4 river rats
  A leopard gecko (D:1)
  4 ball pythons
  11 bats
  3 giant cockroaches
  7 hobgoblins
  2 jackals (Sewer)
  2 quokkas
  4 goblins
  10 kobolds
  11 rats
61 creatures vanquished.

Notes
Turn   | Place    | Note
-------+----------+-------------------------------------------
     0 | D:1      | raph the Hill Orc Fire Elementalist began the quest for the Orb.
     0 | D:1      | Reached XP level 1. HP: 14/14 MP: 3/3
   221 | D:1      | Reached XP level 2. HP: 20/20 MP: 0/4
  1025 | D:1      | Reached XP level 3. HP: 26/26 MP: 3/5
  1371 | D:2      | Learned a level 3 spell: Conjure Flame
  1402 | D:2      | Found an iron altar of Okawaru.
  1459 | D:2      | Reached skill level 4 in Fire Magic
  1599 | D:2      | Found a shattered altar of Ashenzari.
  1599 | D:2      | Found a blossoming altar of Fedhas.
  1599 | D:2      | Found a basalt altar of Yredelemnul.
  1600 | D:2      | Found a burning altar of Makhleb.
  1602 | D:2      | Found an ancient bone altar of Kikubaaqudgha.
  1607 | D:2      | Became a worshipper of Kikubaaqudgha
  2087 | D:2      | Reached XP level 4. HP: 31/33 MP: 0/7
  2154 | D:2      | Learned a level 2 spell: Throw Flame
  2310 | D:2      | Found a sacrificial altar of Ru.
  2774 | D:3      | Found a stormy altar of Qazlal.
  2775 | D:3      | Noticed a water elemental
  2775 | D:3      | Noticed an air elemental
  2775 | D:3      | Noticed a fire elemental
  2775 | D:3      | Noticed an earth elemental
  3356 | D:4      | Found a glowing drain.
  3433 | Sewer    | Entered a sewer
  3448 | Sewer    | Reached * piety under Kikubaaqudgha
  3448 | Sewer    | Identified Kikubaaqudgha's Papyrus of Evil Rites (Kikubaaqudgha gifted it to you in a sewer)
  3448 | Sewer    | Received a gift from Kikubaaqudgha
  3608 | Sewer    | Learned a level 1 spell: Pain
  3657 | Sewer    | Noticed Doomgape's ghost (novice HuFi)
  3663 | Sewer    | Noticed a big kobold
  3671 | Sewer    | Slain by Doomgape's ghost

Skill      XL: |  1  2  3  4 |
---------------+-------------+-----
Spellcasting   | 2 |  2.1
Fire Magic     | 4 |  4.4
Stealth        | 2 |  2.2
Conjurations   | 2 |  2.2
Dodging        | |  1.7

Action                   |  1- 3 |  4- 6 || total
-------------------------+-------+-------++-------
Melee: Unarmed           |     1 |       ||     1
       Hand axe          |     9 |    18 ||    27
       Short sword       |     1 |       ||     1
 Cast: Flame Tongue      |    70 |    29 ||    99
       Conjure Flame     |       |     2 ||     2
       Throw Flame       |       |     2 ||     2
  Use: Scroll            |     1 |     4 ||     5
  Eat: Chunk             |     2 |     5 ||     7
       Beef jerky        |     1 |       ||     1
       Pizza             |       |     1 ||     1
Armor: Robe              |    16 |     8 ||    24
Dodge: Dodged            |    33 |    17 ||    50
